 Dungeon Sprint DCSS version 0.23-a0-705-g0e654d2 (webtiles) character file.

128 TheOrbIsALie the Spear-Bearer (level 5, 48/48 HPs)
             Began as a Merfolk Berserker on Jan 14, 2019.
             Was a Follower of Trog.
             Got out of the dungeon alive.
             The game lasted 00:00:16 (17 turns).

TheOrbIsALie the Spear-Bearer (Merfolk Berserker)     Turns: 17, Time: 00:00:16

Health: 48/48      AC:  2    Str: 17    XL:     5   Next: 11%
Magic:  5/5        EV: 14    Int:  4    God:    Trog [*.....]
Gold:   0          SH:  0    Dex: 13    Spells: 4/4 levels left

rFire    . . .     SeeInvis .   a - +0 spear
rCold    . . .     Gourm    .   (no shield)
rNeg     . . .     Faith    .   b - +0 animal skin
rPois    .         Spirit   .   (no helmet)
rElec    .         Reflect  .   (no cloak)
rCorr    .         Harm     .   (no gloves)
MR       .....     NoTele   +   (no boots)
Stlth    +.........             (no amulet)
HPRegen  0.16/turn              (no ring)
MPRegen  0.09/turn              (no ring)

@: berserk cooldown, slowed, very slow
A: change form in water, swift swim, stealthy swim, dopey 1, inhibited
regeneration, weak 1, subdued magic 1
a: Berserk, Renounce Religion


You escaped.
You worshipped Trog.
Trog was aware of your devotion.
You were not hungry.

You visited 1 branch

Inventory:

Hand Weapons
 a - a +0 spear (weapon)
Armour
 b - a +0 animal skin (worn)
Scrolls
 i - a scroll of blinking
Potions
 d - a potion of curing
 e - a potion of heal wounds
 f - a potion of haste
 g - 2 potions of magic
 h - a potion of berserk rage
Comestibles
 c - a ration


   Skills:
 + Level 7.2 Fighting
 + Level 10.0 Polearms
 + Level 2.7 Armour
 + Level 4.7 Dodging


You had 4 spell levels left.
You didn't know any spells.
Your spell library was empty.

Dungeon Overview and Level Annotations

Branches:
Dungeon (1/1)

Altars:


Innate Abilities, Weirdness & Mutations

You revert to your normal form in water.
You are very nimble and swift while swimming.
You are very stealthy in the water. (Stealth+)
You are dopey. (Int -2)
You do not regenerate when monsters are visible.
You are weak. (Str -2)
Your spells are a little easier to cast, but a little less powerful.


Message History

Your Armour skill increases to level 2!
Your Dodging skill gained 2 levels and is now at level 4!
You have reached level 2!
You have reached level 3!
Your experience leads to an increase in your attributes!
Your base attributes are Str 17, Int 6, Dex 13.
Increase (S)trength, (I)ntelligence, or (D)exterity?
You feel stronger.
You have reached level 4!
You have reached level 5!
You feel stronger.
Unknown command.
Unknown command.
You feel a strong urge to attack something.
There is a staircase leading out of the dungeon here.
Are you sure you want to leave the Dungeon?
This will make you lose the game!
You are no longer berserk.
You are exhausted.
You feel yourself slow down.
You have escaped!

## #.#
#+#
#.##.##
#'.@.+
###.##
#+#


There were no monsters in sight!

Vanquished Creatures
  A neqoxec (D)
1 creature vanquished.

Notes
Turn   | Place    | Note
-------+----------+-------------------------------------------
     0 | D        | TheOrbIsALie the Merfolk Berserker began the quest for the
                  | Orb.
     0 | D        | Reached XP level 1. HP: 18/18 MP: 1/1
     1 | D        | Noticed a neqoxec
     1 | D        | Gained mutation: You are dopey. (Int -2) [a neqoxec]
     2 | D        | Gained mutation: You do not regenerate when monsters are
                  | visible. [a neqoxec]
     4 | D        | Gained mutation: You are weak. (Str -2) [a neqoxec]
     7 | D        | Noticed a quasit
    11 | D        | Gained mutation: Your spells are a little easier to cast,
                  | but a little less powerful. [a neqoxec]
    13 | D        | Killed a neqoxec
    13 | D        | Reached skill level 10 in Polearms
    13 | D        | Reached XP level 2. HP: 31/31 MP: 2/2
    13 | D        | Reached XP level 3. HP: 36/36 MP: 3/3
    13 | D        | Reached XP level 4. HP: 43/43 MP: 4/4
    13 | D        | Reached XP level 5. HP: 48/48 MP: 5/5
    17 | D        | Got out of the dungeon alive.

Vault maps used:
D:        the_violet_keep_of_menkaure

Skill      XL: |  1 |
---------------+----+-----
Fighting       | 7 |  7.2
Polearms       | 10 | 10.0
Armour         | 2 |  2.7
Dodging        | 4 |  4.7

Action                   |  1- 3 |  4- 6 || total
-------------------------+-------+-------++-------
Melee: Spear             |    10 |       ||    10
Invok: Berserk           |     1 |       ||     1
Dodge: Dodged            |     1 |       ||     1

Table legend:
 A = Non-vault XP
 B = Vault XP
 C = Vault XP percentage of total XP
 D = Non-vault monster count
 E = Vault monster count
 F = Vault count percentage of total count
                 A         B        C        D         E       F
            +---------+---------+-------+---------+---------+-------
      Total |       0 |     183 | 100.0 |       0 |       1 | 100.0
            +---------+---------+-------+---------+---------+-------
          D |       0 |     183 | 100.0 |       0 |       1 | 100.0
            +---------+---------+-------+---------+---------+-------
